 Dungeon Crawl Stone Soup version 0.31-a0-268-g4392ee761c (webtiles) character file.

Game seed: 591417155140089709

171 qw the Shooter (level 5, -4/45 HPs)
             Began as a Minotaur Hexslinger on July 14, 2023.
             Slain by a wyvern (13 damage)
             ... on level 4 of the Dungeon.
             The game lasted 00:00:50 (2105 turns).

qw the Shooter (Minotaur Hexslinger)                Turns: 2105, Time: 00:00:50

Health: -4/45      AC:  3    Str: 13    XL:     5   Next: 26%
Magic:  5/5        EV: 12    Int: 10    God:
Gold:   111        SH:  0    Dex: 14    Spells: 5/6 levels left

rFire   . . .        Y - +3 sling
rCold   . . .        (no shield)
rNeg    . . .        h - +0 leather armour
rPois   +            (helmet restricted)
rElec   .            (no cloak)
rCorr   .            (no gloves)
SInv    .            (no boots)
Will    .....        (no amulet)
Stlth   +            i - ring of poison resistance
HPRegen 0.27/turn    (no ring)
MPRegen 0.09/turn

%: no passive effects
@: about to teleport
A: horns 2, retaliatory headbutt
a: no special abilities


You were on level 4 of the Dungeon.
You visited 2 branches of the dungeon, and saw 5 of its levels.

You collected 111 gold pieces.


Innate Abilities, Weirdness & Mutations

You have a pair of horns on your head.
You reflexively headbutt those who attack you in melee.


   Skills:
 - Level 3.3 Fighting
 + Level 5.3 Ranged Weapons
 - Level 2.1 Dodging
 - Level 1.0 Spellcasting
 - Level 2.0 Hexes


You had 5 spell levels left.
You knew the following spells:

 Your Spells              Type           Power      Damage    Failure   Level
a - Slow                  Hex            16%        N/A       19%         1

Your spell library contained the following spells:

 Spells                   Type           Power      Damage    Failure   Level
 Inner Flame              Hex/Fire       2%         N/A       65%         3
 Portal Projectile        Hex/Tloc       4%         N/A       65%         3
 Cause Fear               Hex            2%         N/A       88%         4

Inventory:

Hand Weapons
 Y - a +3 sling (weapon)
Armour
 b - a +0 cloak
 g - a +0 ring mail
 h - a +0 leather armour (worn)
Jewellery
 c - a +6 ring of dexterity
 i - a ring of poison resistance (left hand)
Scrolls
 a - a scroll of identify
 j - a scroll of teleportation
 k - a scroll of revelation {unknown}
 l - a scroll of enchant armour {unknown}
Potions
 d - a potion of curing {unknown}
 e - a potion of cancellation {unknown}
 f - a potion of resistance {unknown}
 m - a potion of enlightenment {unknown}

Dungeon Overview and Level Annotations

Branches:
Dungeon (4/15)             Temple (1/1) D:4

Altars:
Ashenzari
Cheibriados
Kikubaaqudgha
Ru
Vehumet
Wu Jian
Zin
The Shining One
Lugonu


Message History

Enter note:
j - 2 scrolls of teleportation (gained 1)
l - a scroll labelled WIFYJOPTIXE
Enter note:
Enter note:
m - a puce potion
Enter note:
Enter note: A wyvern comes into view.
Found a manual of Dodging.
Enter note:
Enter note: You shoot a sling bullet.
The sling bullet completely misses the wyvern.
The wyvern hisses angrily.
You hear a shout!
You shoot a sling bullet.
The sling bullet closely misses the wyvern.
You hear a shout!
A centaur comes into view.
The wyvern closely misses you.
An ogre comes into view. It is wielding a +0 giant spiked club.
The wyvern bites you!
The centaur moves out of view.
A two-headed ogre comes into view.
It is wielding a +0 dire flail and a +0 giant club.
You shoot a sling bullet. The two-headed ogre shouts in stereo!
The sling bullet hits the wyvern.
The wyvern is lightly wounded.
The wyvern barely misses you.
An orc comes into view. It is wielding a +0 hand axe.
The wyvern bites you!
You shoot a sling bullet.
The sling bullet closely misses the wyvern.
An orc comes into view. It is wielding a +0 falchion.
The wyvern bites you! The orc hits you but does no damage.
The orc moves out of view.
2105 ||| READING 2 scrolls of teleportation.
As you read the scroll of teleportation, it crumbles to dust.
You feel strangely unstable. The wyvern bites you!
You die...

## : ..# #. . ..# #O .
..# .. .#..#
.###.###...#
.....Olo...# #@...# ###
#....# #.... #. #....#
..# #. #.#### #### #.
###.# .... #
#.##...####..# ..... #.
#.#........... ####.
#.###.#...........
.....##...#.............


You could see a two-headed ogre, a wyvern, an ogre and an orc.

Vanquished Creatures
  A hound (D:3)
  An orc priest (D:4)
  An iguana (D:4)
  3 adders (D:2)
  A white imp (D:4)
  A worm (D:2)
  2 dart slugs
  6 ball pythons
  2 endoplasms
  3 giant cockroaches
  5 goblins
  4 hobgoblins
  2 quokkas (D:1)
  3 bats (D:2)
  4 frilled lizards
  5 kobolds
  5 rats
49 creatures vanquished.

Notes
Turn   | Place    | Note
-------+----------+-------------------------------------------
     0 | D:1      | qw the Minotaur Hexslinger began the quest for the Orb.
     0 | D:1      | Reached XP level 1. HP: 16/16 MP: 1/1
     0 | D:1      | 0 ||| qw: Version: 0.3-a-52-g30416fa
     0 | D:1      | 0 ||| qw: Game counter: 7931
     0 | D:1      | 0 ||| qw: Melee chars always use a shield: true
     0 | D:1      | 0 ||| qw: God list: Okawaru
     0 | D:1      | 0 ||| qw: Allow faded altars: false
     0 | D:1      | 0 ||| qw: Do Orc after clearing Dungeon:15 true
     0 | D:1      | 0 ||| qw: Do second Lair branch before Depths: true
     0 | D:1      | 0 ||| qw: Lair rune preference: random
     0 | D:1      | 0 ||| qw: Goals: Normal
     0 | D:1      | 0 ||| PLANNING D:1-11
   163 | D:1      | Reached skill level 3 in Ranged Weapons
   163 | D:1      | Reached XP level 2. HP: 23/23 MP: 2/2
   599 | D:1      | 599 ||| UPGRADING to +0 leather armour.
   609 | D:1      | 609 ||| DROPPING +0 robe.
   610 | D:1      | 610 ||| UPGRADING to ring of poison resistance.
   611 | D:1      | 611 ||| READING 3 scrolls labelled PIHEGOE MIFIMU.
   612 | D:1      | 612 ||| READING scroll labelled HITTERU OGI.
   613 | D:1      | 613 ||| READING 2 scrolls of identify.
   613 | D:1      | 613 ||| IDENTIFYING fuming dark potion
   614 | D:1      | 614 ||| DROPPING scroll of poison.
   615 | D:1      | 615 ||| DROPPING potion of attraction.
   747 | D:2      | Reached XP level 3. HP: 29/30 MP: 3/3
  1336 | D:2      | Reached skill level 4 in Ranged Weapons
  1435 | D:2      | Reached XP level 4. HP: 37/37 MP: 4/4
  1449 | D:2      | 1449 ||| READING scroll labelled ABETSE TISKIM.
  1450 | D:2      | 1450 ||| READING scroll labelled BOFEAPP PEOSCH.
  1451 | D:2      | 1451 ||| READING scroll labelled IFFEFE ESYXA.
  1452 | D:2      | 1452 ||| DRINKING 2 black potions.
  1453 | D:2      | 1453 ||| DROPPING potion of magic.
  1541 | D:3      | Found a broken altar of Ashenzari.
  1545 | D:3      | Saw a vision of the Shoals and the Spider Nest.
  1545 | D:3      | Noticed a wind drake
  1545 | D:3      | Noticed a merfolk
  1545 | D:3      | Noticed a snapping turtle
  1545 | D:3      | Noticed a sea snake
  1545 | D:3      | Noticed a merfolk impaler
  1545 | D:3      | Noticed a merfolk siren
  1545 | D:3      | Noticed a wind drake
  1545 | D:3      | Noticed a sea snake
  1545 | D:3      | Noticed a culicivora
  1545 | D:3      | Noticed a wolf spider
  1545 | D:3      | Noticed a wolf spider
  1545 | D:3      | Noticed a torpor snail
  1545 | D:3      | Noticed a pharaoh ant
  1545 | D:3      | Noticed a tarantella
  1545 | D:3      | Noticed a broodmother
  1545 | D:3      | Noticed a tarantella
  1545 | D:3      | Noticed an emperor scorpion
  1546 | D:3      | Noticed a wind drake
  1546 | D:3      | Noticed a broodmother
  1546 | D:3      | Noticed a manticore
  1753 | D:3      | Found a faded altar of an unknown god.
  1784 | D:3      | 1784 ||| READING scroll of enchant weapon.
  1784 | D:3      | 1784 ||| ENCHANTING +2 sling.
  1811 | D:3      | You fall into a shaft and drop 1 floor!
  1827 | D:4      | Found a staircase to the Ecumenical Temple.
  1828 | D:4      | 1828 ||| PLANNING TEMPLE
  1835 | D:4      | Reached skill level 5 in Ranged Weapons
  1868 | D:4      | 1868 ||| READING scroll labelled SYMMIS NUNGA.
  1871 | D:4      | 1871 ||| READING scroll labelled FEKOEZXINK.
  1872 | D:4      | 1872 ||| READING scroll labelled MYICHI ZAGREZ.
  1873 | D:4      | 1873 ||| READING 2 scrolls of identify.
  1873 | D:4      | 1873 ||| IDENTIFYING fuming clear potion
  1874 | D:4      | 1874 ||| DROPPING potion of degeneration.
  1883 | Temple   | Entered the Ecumenical Temple
  1917 | Temple   | 1917 ||| PLANNING D:1-11
  1974 | D:4      | Reached XP level 5. HP: 33/42 MP: 5/5
  1982 | D:4      | Reached skill level 3 in Fighting
  2100 | D:4      | Noticed a wyvern
  2102 | D:4      | Noticed a centaur
  2102 | D:4      | Noticed an ogre
  2103 | D:4      | Noticed a two-headed ogre
  2104 | D:4      | HP: 8/45 [wyvern (9)]
  2105 | D:4      | 2105 ||| READING 2 scrolls of teleportation.
  2105 | D:4      | Slain by a wyvern

Levels and vault maps discovered:
D:1:      minmay_arrival_four_houses, layout_basic
D:2:      kb_forest_paths, layout_basic
D:3:      layout_basic, grunt_ashenzari_visionary
          [grunt_ashenzari_visionary_shoals, grunt_ashenzari_visionary_spider],
          doesnt_xom_only_xom, ebering_ecumenical_altar_hall, st_stairs_12
D:4:      layout_rooms, grunt_gozag_statues, minmay_temple_entry_proselytizer,
          minmay_manual_mail
Temple:   corrupted_temple

Skill      XL: |  1  2  3  4  5 |
---------------+----------------+-----
Ranged Weapons | 3 4 5 |  5.3
Fighting       | 2 3 |  3.3
Dodging        | |  2.1
Spellcasting   | |  1.0
Hexes          | |  2.0

Action                     |  1- 3 |  4- 6 || total
---------------------------+-------+-------++-------
   Fire: Sling             |   116 |    47 ||   163
    Use: Scroll            |     3 |     9 ||    12
         Potion            |       |     1 ||     1
 Armour: Leather armour    |     3 |     9 ||    12
         Robe              |     1 |       ||     1
  Dodge: Dodged            |    21 |    14 ||    35

Table legend:
 A = Non-vault XP
 B = Vault XP
 C = Vault XP percentage of total XP
 D = Non-vault monster count
 E = Vault monster count
 F = Vault count percentage of total count
                 A         B        C        D         E       F
            +---------+---------+-------+---------+---------+-------
      Total |     182 |      63 |  25.7 |      41 |       8 |  16.3
            +---------+---------+-------+---------+---------+-------
        D:1 |      21 |       0 |   0.0 |      14 |       0 |   0.0
        D:2 |      59 |      21 |  26.2 |      18 |       6 |  25.0
        D:3 |      49 |       4 |   7.5 |       3 |       1 |  25.0
        D:4 |      53 |      38 |  41.8 |       6 |       1 |  14.3
            +---------+---------+-------+---------+---------+-------
